 Dungeon Crawl Stone Soup version 0.27.1 (webtiles) character file.

Game seed: 2078745071785313289

60 ABBCCCDDDD the Magician (level 4, 0/27 HPs)
             Began as an Octopode Chaos Knight on Sept 1, 2021.
             Was a Plaything of Xom.
             Slain by a kobold (3 damage)
             ... on level 2 of the Dungeon.
             The game lasted 00:02:09 (1901 turns).

ABBCCCDDDD the Magician (Octopode Chaos Knight)     Turns: 1901, Time: 00:02:10

Health: 0/27       AC: 10    Str: 11    XL:     4   Next: 6%
Magic:  8/8        EV: 13    Int: 15    God:    Xom [....*.]
Gold:   89         SH:  0    Dex:  9    Spells: 9/9 levels left

rFire    + + .     SeeInvis .   h - +2 dagger (protect)
rCold    + . .     Faith    .   (no shield)
rNeg     . . .     Spirit   .   (helmet restricted)
rPois    +         Reflect  .   (no amulet)
rElec    +         Harm     .   (no ring)
rCorr    +         Rampage  .   (no ring)
Will     .....                  (no ring)
Stlth    ++........             (no ring)
HPRegen  0.09/turn              (no ring)
MPRegen  0.11/turn              (no ring)
                                (no ring)
                                (no ring)

@: mighty, resistant, under a protective aura
A: almost no armour, amphibious, 8 rings, camouflage 1, gelatinous body 1,
(nimble swimmer 1), tentacles, iridescent scales 1, clumsy 1, fire resistance 1,
frail 1, mutation resistance 1, subdued magic 1
a: Renounce Religion


You were on level 2 of the Dungeon.
You worshipped Xom.
You were a beloved toy of Xom.
You visited 1 branch of the dungeon, and saw 2 of its levels.

You collected 89 gold pieces.

Inventory:

Hand Weapons
 a - a +0 hand axe of chaos
 e - a +0 hand axe
 h - a +2 dagger of protection (weapon)
Scrolls
 c - 2 scrolls of identify {unknown}
 f - a scroll of amnesia {unknown}
 g - a scroll of fog {unknown}


   Skills:
 - Level 3.0 Fighting
 - Level 3.0 Axes
 - Level 2.3 Dodging
 + Level 3.2 Spellcasting


You had 9 spell levels left.
You didn't know any spells.
Your spell library was empty.

Dungeon Overview and Level Annotations

Branches:
Dungeon (2/15)

Altars:


Innate Abilities, Weirdness & Mutations

You cannot wear most types of armour.
You are amphibious.
You can wear up to eight rings at the same time.
Your skin changes colour to match your surroundings (Stealth+).
Your rubbery body absorbs attacks. (AC +1, EV +1)
((You are camouflaged near water. (Stealth+)))
You have tentacles for arms and can constrict up to eight enemies at once.
You are partially covered in iridescent scales. (AC +2)
You are clumsy. (Dex -2)
Your flesh is heat resistant. (rF+)
You are frail. (-10% HP)
You are somewhat resistant to further mutation.
Your spells are a little easier to cast, but a little less powerful.


Message History

Pain shoots through your body!
* * * LOW HITPOINT WARNING * * *
You hit Jessica.
Jessica is almost dead.
You constrict Jessica.
You kill Jessica!
The kobold closely misses you.
Your Spellcasting skill increases to level 3!
You have reached level 4!
The kobold throws a stone.
The stone closely misses you.
The kobold throws a stone.
The stone closely misses you.
A jackal comes into view.
There is an open door here.
You see here a frilled lizard corpse.
The kobold throws a stone.
The stone barely misses you.
It was a potion of resistance.
You feel protected.
The kobold throws a stone.
The stone barely misses you.
It was a potion of might.
You feel very mighty all of a sudden.
You hit the jackal.
Your weapon exudes an aura of protection.
Your grab misses the jackal.
The jackal is severely wounded.
The jackal bites you but does no damage.
The kobold hits you with a +0 short sword.
* * * LOW HITPOINT WARNING * * *
The jackal closely misses you.
You hit the jackal.
You kill the jackal!
The kobold hits you with a +0 short sword.
* * * LOW HITPOINT WARNING * * *
You barely miss the kobold. Your grab misses the kobold.
You squeeze the kobold.
You kill the kobold!
The kobold closely misses you.
You completely miss the kobold. Your grab misses the kobold.
The kobold hits you with a +0 short sword.
You die... "It was about time."

#K######## #.#..#.# #.#......#
#.#..#.# #.#.####.# #.#..#.#
#.#.####+####### #.##.#.#
#.#.##.........# #....#+###
#.#.##.........# ######......
#....+.........####...##......
###'##......K..#..'...'.......
#.....†....)@.#.##...##......
#.............#.#######......
#.............#.# #.#####
#.............#.# #.#
#....##########.# #.# #....#
#.# #.# #..).# #.# #.# #....#
#.# #.# #....# #.# #.#


You could see a kobold.

Levels and vault maps discovered:
D:1:      arrival_zaba_pyramid, layout_basic
D:2:      layout_basic, minmay_misc_feat_square, uniq_sigmund, uniq_natasha,
          uniq_crazy_yiuf_cottage, uniq_jessica

Notes
Turn   | Place    | Note
-------+----------+-------------------------------------------
     0 | D:1      | ABBCCCDDDD the Octopode Chaos Knight began the quest for
                  | the Orb.
     0 | D:1      | Reached XP level 1. HP: 16/16 MP: 1/1
    40 | D:1      | XOM: divination: detect creatures
    87 | D:1      | Reached skill level 1 in Spellcasting
   194 | D:1      | Reached XP level 2. HP: 21/21 MP: 4/4
   645 | D:1      | XOM: silly message
  1244 | D:1      | XOM is BORED!
  1244 | D:1      | XOM: noise
  1321 | D:1      | Reached XP level 3. HP: 26/26 MP: 6/6
  1363 | D:1      | XOM: give mutations
  1363 | D:1      | Gained mutation: You are frail. (-10% HP) [Xom's mischief]
  1363 | D:1      | Gained mutation: You are clumsy. (Dex -2) [Xom's mischief]
  1421 | D:1      | XOM: give mutations
  1421 | D:1      | Gained mutation: You are partially covered in iridescent
                  | scales. (AC +2) [Xom's grace]
  1421 | D:1      | Gained mutation: Your flesh is heat resistant. (rF+) [Xom's
                  | grace]
  1466 | D:1      | XOM: scenery: 1 doors close
  1489 | D:2      | XOM: give mutations
  1489 | D:2      | Gained mutation: Your spells are a little easier to cast,
                  | but a little less powerful. [Xom's mischief]
  1489 | D:2      | Gained mutation: You are somewhat resistant to further
                  | mutation. [Xom's mischief]
  1579 | D:2      | XOM: summons 2 hostile demons
  1846 | D:2      | Noticed Jessica
  1866 | D:2      | Killed Jessica
  1867 | D:2      | Reached XP level 4. HP: 4/27 MP: 6/8
  1901 | D:2      | Slain by a kobold

Table legend: (Time is in decaauts)
 A = Elapsed time spent in this place.
 B = Non-inter-level travel time spent in this place.
 C = Inter-level travel time spent in this place.
 D = Time resting spent in this place.
 E = Time spent auto-exploring this place.
 F = Levels seen in this place.
 G = Mean time per level.
                   A        B        C        D        E       F      G
               +--------+--------+--------+--------+--------+-----+--------+
         Total |   1904 |   1820 |     84 |    142 |   1424 |   2 |  952.0 |
       Dungeon |   1904 |   1820 |     84 |    142 |   1424 |   2 |  952.0 |
               +--------+--------+--------+--------+--------+-----+--------+

Top non-repeatable levels by time:
     D:1: 1492 daAuts
     D:2: 412 daAuts

Table legend:
 A = Kills in this place as a percentage of kills in entire the game.
 B = Kills by you in this place as a percentage of kills by you in the entire game.
 C = Kills by friends in this place as a percentage of kills by friends in the entire game.
 D = Other kills in this place as a percentage of other kills in the entire game.
 E = Experience gained in this place as a percentage of experience gained in the entire game.
 F = Experience gained in this place divided by the number of levels of this place that you have seen.
                   A       B       C       D       E      F
               +-------+-------+-------+-------+-------+----------------------
         Total | 100.0 | 100.0 |   N/A |   N/A | 100.0 |  43.5
       Dungeon | 100.0 | 100.0 |   N/A |   N/A | 100.0 |  43.5
               +-------+-------+-------+-------+-------+----------------------

Action                   |  1- 3 |  4- 6 || total
-------------------------+-------+-------++-------
Melee: Hand axe          |    31 |       ||    31
       Tentacles         |    15 |     1 ||    16
       Constrict         |    14 |       ||    14
       Dagger            |    46 |     4 ||    50
  Use: Potion            |       |     2 ||     2
 Stab: Sleeping          |     7 |       ||     7
Armor: Skin              |    11 |     1 ||    12
Dodge: Dodged            |    34 |     6 ||    40

Vanquished Creatures
  Jessica (D:2)
  A dart slug (D:1)
  2 ball pythons (D:1)
  3 endoplasms
  A giant cockroach (D:1)
  6 hobgoblins
  A jackal (D:2)
  5 kobolds
  A quokka (D:2)
  2 frilled lizards
  3 goblins (D:1)
  5 rats
31 creatures vanquished.
